 Dungeon Crawl Stone Soup version 0.24-a0-251-g44e327e (webtiles) character file.

Game seed: 6150845322498665687

185 Ijustatesigmund the Chopper (level 5, 0/37 HPs)
             Began as an Octopode Fighter on Apr 16, 2019.
             Succumbed to an adder's poison
             ... on level 3 of the Dungeon.
             The game lasted 00:04:28 (1970 turns).

Ijustatesigmund the Chopper (Octopode Fighter)      Turns: 1970, Time: 00:04:28

Health: 0/37       AC:  1    Str: 15    XL:     5   Next: 64%
Magic:  5/5        EV: 11    Int: 11    God:
Gold:   141        SH:  9    Dex: 12    Spells: 4/4 levels left

rFire    . . .     SeeInvis .   a - +1 war axe
rCold    . . .     Gourm    .   b - +1 shield
rNeg     . . .     Faith    .   (helmet restricted)
rPois    .         Spirit   .   (no amulet)
rElec    .         Reflect  .   (no ring)
rCorr    .         Harm     .   (no ring)
MR       .....                  (no ring)
Stlth    ++........             (no ring)
HPRegen  0.12/turn              (no ring)
MPRegen  0.09/turn              (no ring)
                                (no ring)
                                (no ring)

@: lethally poisoned (0 -> -2)
A: almost no armour, stealthy swim, amphibious, 8 rings, constrict 8, camouflage
1, gelatinous body 1
a: no special abilities


You were on level 3 of the Dungeon.
You were not hungry.

You visited 1 branch of the dungeon, and saw 3 of its levels.

You collected 141 gold pieces.

Inventory:

Hand Weapons
 a - a +1 war axe (weapon)
Armour
 b - a +1 shield (worn)
Scrolls
 e - a scroll of remove curse
 j - a scroll of identify
Potions
 f - a potion of resistance
 g - a potion of haste
 h - a potion of magic
Comestibles
 c - 2 chunks of flesh
 d - 2 rations


   Skills:
 + Level 4.2 Fighting
 * Level 4.8 Axes
 - Level 3.0 Dodging
 - Level 3.0 Shields


You had 4 spell levels left.
You didn't know any spells.
Your spell library was empty.

Dungeon Overview and Level Annotations

Branches:
Dungeon (3/15)

Altars:
Qazlal


Innate Abilities, Weirdness & Mutations

You cannot wear most types of armour.
You are very stealthy in the water. (Stealth+)
You are amphibious.
You can wear up to eight rings at the same time.
You can use your tentacles to constrict eight enemies at once.
Your skin changes colour to match your surroundings (Stealth+).
Your rubbery body absorbs attacks. (AC +1, EV +1)


Message History

The adder hisses angrily.
Found a stone staircase leading down.
You hit the adder. Your grab misses the adder.
The adder is lightly wounded.
The adder bites you.
* * * LOW HITPOINT WARNING * * *
You are poisoned.
The adder poisons you! The adder bites you.
* * * LOW HITPOINT WARNING * * *
You feel magically purged.
* * * LOW HITPOINT WARNING * * *
You feel sick. You block the adder's attack.
You closely miss the adder. Your grab misses the adder.
The adder is lightly wounded.
The adder bites you.
* * * LOW HITPOINT WARNING * * *
You block the adder's attack.
You miss the adder. Your grab misses the adder. Your squeeze misses the adder.
The adder is lightly wounded.
You die...

#.# ... #.# #.# #.#
#.# ##.# ###
######### ...###.##
#.......####
###..(#.##
#†##.@S...>#
#...##.###.##.##(##.#
#...#.........# #
##.#.#####.#### #.###
#..[ #.# ##### ##.#
########### # #...
...##.....#
.##..####.##.....#


You could see an adder.

Vanquished Creatures
  Terence (D:3)
  Robin (D:3)
  4 adders (D:2)
  2 oozes (D:2)
  5 worms (D:2)
  A dart slug (D:2)
  A leopard gecko (D:3)
  4 giant cockroaches
  14 goblins
  13 hobgoblins
  7 jackals
  8 kobolds
  8 bats
  6 frilled lizards
  6 rats
81 creatures vanquished.

Notes
Turn   | Place    | Note
-------+----------+-------------------------------------------
     0 | D:1      | Ijustatesigmund the Octopode Fighter began the quest for
                  | the Orb.
     0 | D:1      | Reached XP level 1. HP: 16/16 MP: 1/1
    41 | D:1      | Reached XP level 2. HP: 18/21 MP: 2/2
   399 | D:1      | Reached XP level 3. HP: 25/26 MP: 3/3
  1094 | D:2      | Reached XP level 4. HP: 23/32 MP: 4/4
  1640 | D:2      | Reached XP level 5. HP: 28/37 MP: 5/5
  1831 | D:3      | Noticed Robin
  1857 | D:3      | Killed Robin
  1895 | D:3      | Found a faded altar of an unknown god.
  1895 | D:3      | Found a stormy altar of Qazlal.
  1896 | D:3      | Noticed Terence
  1899 | D:3      | Killed Terence
  1969 | D:3      | HP: 1/37 [adder (1)]
  1970 | D:3      | Succumbed to an adder's poison

Levels and vault maps discovered:
D:1:      roderic_octagonal_star, layout_basic, minmay_tromino_v2
D:2:      layout_basic, first_ration
D:3:      layout_loops_cross, nicolae_ru_the_path_less_chosen,
          cheibrodos_sewer_entry_bend, chequers_ecumenical_altar_simple_redux,
          chequers_avenue, nicolae_qazlal_general_emergency, uniq_robin,
          uniq_terence

Skill      XL: |  1  2  3  4 |
---------------+-------------+-----
Axes           | 3 4 |  4.8
Fighting       | 4 |  4.2
Dodging        | |  3.0
Shields        | |  3.0

Action                   |  1- 3 |  4- 6 || total
-------------------------+-------+-------++-------
Melee: War axe           |    68 |    72 ||   140
       Tentacles         |    16 |    10 ||    26
       Constrict         |    10 |    24 ||    34
  Use: Scroll            |     4 |     4 ||     8
       Potion            |       |     3 ||     3
 Stab: Sleeping          |     5 |     2 ||     7
  Eat: Chunk             |       |     4 ||     4
Armor: Skin              |     5 |     9 ||    14
Dodge: Dodged            |    25 |    38 ||    63
Block: Shield            |    25 |    39 ||    64

Table legend:
 A = Non-vault XP
 B = Vault XP
 C = Vault XP percentage of total XP
 D = Non-vault monster count
 E = Vault monster count
 F = Vault count percentage of total count
                 A         B        C        D         E       F
            +---------+---------+-------+---------+---------+-------
      Total |     185 |      80 |  30.2 |      65 |      16 |  19.8
            +---------+---------+-------+---------+---------+-------
        D:1 |      42 |       3 |   6.7 |      26 |       2 |   7.1
        D:2 |     135 |       0 |   0.0 |      35 |       0 |   0.0
        D:3 |       8 |      77 |  90.6 |       4 |      14 |  77.8
            +---------+---------+-------+---------+---------+-------
